 Dungeon Crawl Stone Soup version 0.30-a0-824-g6c64550be9 (webtiles) character file.

Game seed: 10881311049693914945

75976 dolemite99 the Blocker (level 16, -7/120 HPs)
             Began as a Djinni Air Elementalist on Feb 28, 2023.
             Was a Follower of Yredelemnul.
             Mangled by a sphinx (9 damage)
             ... while paralysed by a sphinx
             ... on level 12 of the Dungeon.
             The game lasted 00:51:02 (27675 turns).

dolemite99 the Blocker (Djinni Air Elementalist)   Turns: 27675, Time: 00:51:03

Health: -7/120     AC: 13    Str: 15    XL:     16   Next: 0%
Gold:   1474       EV:  2    Int: 26    God:    Yredelemnul [*.....] SH:  0 Dex: 19

rFire   + + +      SeeInvis .    a - staff of air
rCold   . . .      Faith    .    O - +2 kite shield "Liabab Rinn" {Str+4 Stlth+}
rNeg    . . .      Spirit   .    I - +1 robe {rC+ rF+}
rPois   ∞          Reflect  .    j - +1 helmet
rElec   +          Harm     .    Q - +1 cloak of Shielding {Int+3 Dex+5 Stlth-}
rCorr   .          Rampage  .    h - +1 pair of gloves
Will    +....                    (boots unavailable)
Stlth   ++                       s - amulet of regeneration
HPRegen 1.20/turn                (no ring)
MPRegen 0.00/turn                (no ring)

@: paralysed, flying, slowed
A: sickness immunity, fire resistance 2, cold vulnerability 1, float, innate
caster, HP casting, extra vitality 1, iridescent scales 2, sense surroundings 1,
strong 1
a: Renounce Religion, Recall Undead Harvest


You were on level 12 of the Dungeon.
You worshipped Yredelemnul.
Yredelemnul was aware of your devotion.
You visited 3 branches of the dungeon, and saw 18 of its levels.
You also visited: Bailey.

You collected 1474 gold pieces.

Inventory:

Hand Weapons
 b - a +4 demon whip of venom
 c - a +2 dagger of venom
 e - a +0 dagger
 i - a +0 spear
 r - a +0 sling of flaming
 w - a +3 dagger
 B - a +1 halberd of draining
 E - a +2 spear of venom
 H - a +1 scimitar of flaming
Missiles
 d - 3 throwing nets (quivered)
 q - 12 boomerangs
 y - 8 poisoned darts
 X - 2 curare-tipped darts
Armour
 h - a +1 pair of gloves (worn)
 j - a +1 helmet (worn)
 m - a +0 robe
 D - a +0 kite shield
 I - a +1 robe of resistance (worn)
 O - the +2 kite shield "Liabab Rinn" (worn) {Str+4 Stlth+}
   (You acquired it on level 4 of the Lair of Beasts)

   Str:       It affects your strength (+4).
   Stlth:     It makes you more stealthy.
 P - a +1 cloak
 Q - the +1 cloak of Shielding (worn) {Int+3 Dex+5 Stlth-}
   (You found it on level 3 of the Lair of Beasts)

   Int:       It affects your intelligence (+3).
   Dex:       It affects your dexterity (+5).
   Stlth:     It makes you less stealthy.
Magical Staves
 a - a staff of air (weapon)
 z - a staff of cold
Jewellery
 s - an amulet of regeneration (around neck)
 M - a ring of fire
 S - a ring of positive energy
 V - the ring "Qiruh" {Fire rN+}
   (You found it on level 5 of the Lair of Beasts)

   [ring of fire]

   It enhances your fire magic.
   rF:        It protects you from fire.
   rC:        It makes you vulnerable to cold.
   rN:        It protects you from negative energy.
Wands
 l - a wand of roots (32)
 J - a wand of charming (4)
 L - a wand of digging (8)
 R - a wand of flame (2)
Scrolls
 p - a scroll of vulnerability
 t - 2 scrolls of teleportation
 F - 2 scrolls of magic mapping
 G - a scroll of fog
 W - 2 scrolls of identify {@r1}
 Y - 2 scrolls of enchant weapon
Potions
 f - 3 potions of haste
 g - 3 potions of berserk rage
 k - 3 potions of resistance
 n - 5 potions of might
 o - 9 potions of curing
 u - 7 potions of heal wounds
 v - 5 potions of lignification
 x - a potion of mutation
 A - a potion of magic
 C - a potion of cancellation {unknown}
 K - 9 potions of attraction {unknown}
 N - 3 potions of invisibility
 U - 2 potions of brilliance
Miscellaneous
 T - a phial of floods


   Skills:
 + Level 12.9 Fighting
 - Level 3.2 Maces & Flails
 - Level 2.1 Dodging
 - Level 1.5 Stealth
 - Level 14.8 Shields
 * Level 12.5 Spellcasting
 - Level 10.1 Invocations


You knew the following spells:

 Your Spells              Type           Power      Damage    Failure   Level
a - Shock                 Conj/Air       100%       1d9       1%          1
b - Foxfire               Conj/Fire      100%       2x1d9     1%          1
c - Static Discharge      Conj/Air       100%       2-7/arc   1%          2
d - Airstrike             Air            44%        2d(7-23)  1%          4
e - Swiftness             Air            89%        N/A       1%          3
f - Momentum Strike       Conj/Tloc      100%       3d10      1%          2
g - Passwall              Tmut/Erth      57%        N/A       1%          2
h - Summon Lightning Spi  Summ/Air       89%        N/A       1%          4
i - Fulminant Prism       Conj/Hex       34%        3d15      1%          4
j - Agony                 Necr           69%        N/A       1%          5
k - Death Channel         Necr           34%        N/A       5%          6
Your spell library was empty.

Dungeon Overview and Level Annotations

Branches:
Dungeon (12/15)            Temple (1/1) D:6            Lair (5/5) D:11
 Shoals (0/4) Lair:3       Spider (0/4) Lair:3        Slime (0/5) Lair:5
    Orc (0/2) D:12         Bailey (visited)

Altars:
Ashenzari
Cheibriados
Dithmenos
Fedhas
Gozag
Makhleb
Nemelex Xobeh
Okawaru
Ru
Trog
Uskayaw
Yredelemnul
Zin
The Shining One
Jiyva

Shops:
D:9 *

Portals:
Trove: D:12 (give 16 potions of curing)

Annotations:
D:3 1 runed translucent door, Crazy Yiuf
D:12 2 transporters, tarna41's ghost, journeyman DsCK


Innate Abilities, Weirdness & Mutations

You are immune to sickness and miasma.
You are immune to poison.
Your flesh is very heat resistant. (rF++)
You are vulnerable to cold. (rC-)
You float through the air rather than walking.
You learn spells naturally, not from books.
Your magical power is your life essence.
You have superior vitality. (+4 MHP)
You are mostly covered in iridescent scales. (AC +4)
You passively map a small area around you.
Your muscles are strong. (Str +4, Int/Dex -1)


Message History

The sphinx is lightly wounded.
The redback is struck by an arc of lightning!
You kill the redback!
You resist.
You are struck by an arc of lightning.
The redback is struck by an arc of lightning!
The redback is heavily wounded.
You resist.
You are struck by an arc of lightning.
The dead are crawling!
The redback barely misses you. You block the redback's attack.
The sphinx barely misses you. The sphinx hits you but does no damage.
The sphinx hits you. You block the redback's attack.
The redback closely misses you. The sphinx hits you. The sphinx misses you. x2
You have reached level 16!
You feel clever.
You feel much better. You block the redback's attack. x2
The redback bites you. You block the redback's attack.
The sphinx casts a spell.
You suddenly lose the ability to move!
The redback bites you! The redback bites you!
Your redback zombie bites the sphinx.
The sphinx hits you but does no damage. x2; The sphinx hits you.
The redback bites you! The redback completely misses you.
Your redback zombie bites the sphinx but does no damage.
The redback bites you. The sphinx hits you but does no damage.
The sphinx hits you. The sphinx hits you but does no damage.
The redback bites you!
* * * LOW HITPOINT WARNING * * *
Your redback zombie bites the sphinx.
The redback bites you but does no damage.
The sphinx hits you!
* * * LOW HITPOINT WARNING * * *
The sphinx hits you but does no damage. The sphinx hits you.
* * * LOW HITPOINT WARNING * * *
The redback bites you!
* * * LOW HITPOINT WARNING * * *
Your redback zombie bites the sphinx!
The redback bites you but does no damage. x2
The sphinx hits you!
* * * LOW HITPOINT WARNING * * *
The sphinx completely misses you. The sphinx hits you!
You die...
Your body rises from the dead as a mindless zombie. #####ZZ.# #ZZZZZ#.#

#.###...# #.#
##### * , #>#
,, * , ,* #.#
, , ##
#.##### * * *
,#.
#.##..###..##
* ##
###..@s'....#
*
#.sH.'....#,
,
##.Z###..##,
#''# '#*
##..###..##
#....#....#
#....#..}.#
##..###..## ,
#''# ,,


You could see a sphinx (ally target), 2 redbacks and a friendly redback zombie.

Vanquished Creatures
  Fannar (Lair:3)
  2 hydras
  3 two-headed ogres
  A boulder beetle (D:11)
  3 death yaks
  3 skysharks
  Amaemon (Lair:1)
  A cyclops (D:11)
  2 black mambas
  3 elephants
  A demonic crawler (Lair:1)
  An orange demon (Lair:1)
  2 torpor snails (Lair:1)
  6 cane toads
  An ice devil (Lair:5)
  4 komodo dragons
  3 trolls (D:12)
  23 blink frogs
  A culicivora (Lair:3)
  Sigmund (D:3)
  4 wyverns
  3 basilisks
  26 yaks
  A steam dragon (D:8)
  7 vampire mosquitoes
  2 redbacks (D:12)
  A swamp worm (Lair:1)
  An acid dragon (D:12)
  12 water moccasins
  2 sky beasts
  4 black bears
  3 orc warriors
  An ogre (D:7)
  A centaur (D:11)
  2 phantoms (D:5)
  20 wolves
  16 bullfrogs
  A scorpion (D:6)
  7 killer bees
  An electric eel (Lair:5)
  5 howler monkeys
  3 jellies
  6 hounds
  5 orc priests
  An iguana (D:6)
  Jessica (D:2)
  11 orc wizards
  A howler monkey zombie (D:10)
  Robin (D:2)
  7 adders
  11 gnolls
  A shadow imp (D:5)
  An ufetubus (D:6)
  An orc zombie (D:8)
  3 worms
  2 dart slugs
  53 orcs
  9 bats
  5 endoplasms
  6 giant cockroaches
  18 goblins
  5 hobgoblins
  3 jackals (D:1)
  6 kobolds
  A quokka (D:2)
  5 ball pythons
  2 frilled lizards (D:1)
  4 rats
355 creatures vanquished.

Vanquished Creatures (collateral kills)
  5 hydras
  3 two-headed ogres
  2 boulder beetles
  Erica (D:9)
  13 death yaks
  Urug (D:12)
  A goliath frog (Lair:5)
  A lindwurm (Lair:5)
  A black mamba (Lair:5)
  20 elephants
  14 cane toads
  2 torpor snails
  An unseen horror (D:11)
  5 komodo dragons (Lair:5)
  A rime drake (Lair:5)
  An ice devil (Lair:5)
  3 trolls
  2 polar bears
  2 tyrant leeches (Lair:5)
  9 blink frogs
  4 dream sheep (Lair:5)
  A wraith (D:9)
  3 shadows
  41 yaks
  2 steam dragons
  2 vampire mosquitoes
  4 water moccasins
  An acid dragon (D:11)
  2 orc warriors
  A black bear (D:11)
  An ice beast (D:8)
  16 wolves
  4 centaurs
  A kobold brigand (D:10)
  5 bullfrogs
  A scorpion (D:9)
  10 killer bees
  A troll zombie (D:9)
  2 yak zombies
  4 howler monkeys
  3 centaur zombies (D:11)
  2 orc priests
  3 iguanas
  2 orc wizards
  2 hell rats (Lair:3)
  9 gnolls
  9 river rats (Lair:3)
  A white imp (D:7)
  6 orcs
  2 goblins (D:7)
  3 kobolds (D:10)
  A gnoll zombie (Bailey)
  A rat (Lair:3)
  A bush (Lair:5)
  2 butterflies (Lair:4)
241 creatures vanquished.

Vanquished Creatures (others)
  A spectral hydra (D:12)
  2 death yak zombies (Lair:3)
  A swamp worm zombie (Lair:1)
  A demonic crawler zombie (Lair:1)
  2 black mamba zombies
  A spectral orange demon (Lair:1)
  A two-headed ogre zombie (D:9)
  A skyshark zombie (Lair:2)
  6 cane toad zombies (Lair:5)
  3 dream sheep zombies (Lair:5)
  A human zombie (D:9)
  7 elephant zombies
  9 blink frog zombies
  2 torpor snail zombies
  A rime drake zombie (Lair:5)
  6 vampire mosquito zombies
  2 komodo dragon zombies
  3 water moccasin zombies
  12 yak zombies
  2 troll zombies
  12 wolf zombies
  A basilisk zombie (Lair:5)
  4 bullfrog zombies
  A centaur zombie (D:9)
  A scorpion zombie (D:9)
  5 killer bee zombies
  2 acid dragon zombies
  An ice beast zombie (D:8)
  A sky beast zombie (D:7)
  3 howler monkey zombies
  A steam dragon zombie (D:9)
  A jelly zombie (D:7)
  22 orc zombies
  3 gnoll zombies
  A goblin zombie (D:7)
  A kobold zombie (D:10)
  3 bushes (Lair:5)
  35 foxfires
  17 fulminant prisms
  102 fungi
  223 plants
504 creatures vanquished.

Grand Total: 1100 creatures vanquished

Notes
Turn   | Place    | Note
-------+----------+-------------------------------------------
     0 | D:1      | dolemite99 the Djinni Air Elementalist began the quest for
                  | the Orb.
     0 | D:1      | dolemite99 set off with the following spells memorised:
                  | Shock, Static Discharge, Swiftness, Airstrike.
     0 | D:1      | Reached XP level 1. HP: 15/15 MP: 0/0
   179 | D:1      | Reached XP level 2. HP: 17/21 MP: 0/0
   381 | D:1      | Reached XP level 3. HP: 24/25 MP: 0/0
   381 | D:1      | Learned a level 1 spell: Foxfire
   880 | D:2      | Found an iron altar of Okawaru.
  1116 | D:2      | Reached XP level 4. HP: 25/31 MP: 0/0
  1512 | D:2      | Noticed Jessica
  1518 | D:2      | Killed Jessica
  1519 | D:2      | Reached XP level 5. HP: 26/35 MP: 0/0
  1519 | D:2      | Learned a level 2 spell: Momentum Strike
  2030 | D:2      | Noticed Robin
  2039 | D:2      | Killed Robin
  2720 | D:3      | Reached XP level 6. HP: 16/40 MP: 0/0
  3446 | D:3      | Noticed Sigmund
  3451 | D:3      | Killed Sigmund
  3452 | D:3      | Reached skill level 5 in Spellcasting
  3452 | D:3      | Reached XP level 7. HP: 26/45 MP: 0/0
  3452 | D:3      | Learned a level 2 spell: Passwall
  3795 | D:3      | Reached skill level 1 in Fighting
  4209 | D:3      | Found a runed translucent door.
  4210 | D:3      | Noticed Crazy Yiuf
  5020 | D:5      | Entered Level 5 of the Dungeon
  5021 | D:5      | Noticed a water moccasin
  5029 | D:5      | Killed a water moccasin
  5757 | D:5      | Reached XP level 8. HP: 33/56 MP: 0/0
  6830 | D:6      | Found an iron altar of Okawaru.
  6952 | D:6      | Found a staircase to the Ecumenical Temple.
  6980 | Temple   | Entered the Ecumenical Temple
  7028 | Temple   | Became a worshipper of Yredelemnul the Dark
  7159 | D:6      | Reached skill level 5 in Fighting
  7271 | D:6      | Reached * piety under Yredelemnul
  7710 | D:7      | Reached XP level 9. HP: 59/65 MP: 0/0
  7710 | D:7      | Learned a level 4 spell: Summon Lightning Spire
  7826 | D:7      | Found a flagged portal.
  7844 | Bailey   | Entered a bailey
  9279 | Bailey   | Gained mutation: Your muscles are strong. (Str +4, Int/Dex
                  | -1) [potion of mutation]
  9279 | Bailey   | Gained mutation: You are partially covered in iridescent
                  | scales. (AC +2) [potion of mutation]
  9279 | Bailey   | Gained mutation: You passively map a small area around you.
                  | [potion of mutation]
  9279 | Bailey   | Gained mutation: You are mostly covered in iridescent
                  | scales. (AC +4) [potion of mutation]
  9852 | D:7      | Noticed a troll
  9857 | D:7      | Killed a troll
 11158 | D:8      | Reached XP level 10. HP: 76/76 MP: 0/0
 12768 | D:9      | Reached ** piety under Yredelemnul
 12768 | D:9      | Noticed a two-headed ogre
 12781 | D:9      | Killed a two-headed ogre
 12787 | D:9      | Reached skill level 10 in Fighting
 12787 | D:9      | Reached XP level 11. HP: 52/85 MP: 0/0
 12787 | D:9      | Learned a level 4 spell: Fulminant Prism
 13217 | D:9      | Found a bloodstained altar of Trog.
 13246 | D:9      | Noticed Erica
 13671 | D:9      | Found an opulent altar of Gozag.
 13677 | D:9      | Found Gozag's Platinum Reserve.
 13700 | D:9      | Killed Erica
 13701 | D:9      | Reached skill level 10 in Spellcasting
 13905 | D:9      | Your ally Erica died
 14181 | D:10     | Entered Level 10 of the Dungeon
 14466 | D:10     | Noticed a two-headed ogre
 14477 | D:10     | Killed a two-headed ogre
 14478 | D:10     | Reached skill level 2 in Shields
 14622 | D:10     | Reached skill level 3 in Shields
 14895 | D:10     | Reached skill level 4 in Shields
 15055 | D:10     | Noticed a two-headed ogre
 15067 | D:10     | Killed a two-headed ogre
 15068 | D:10     | Reached skill level 5 in Shields
 15213 | D:10     | Reached skill level 6 in Shields
 15691 | D:10     | Reached *** piety under Yredelemnul
 15843 | D:11     | Noticed a cyclops
 15858 | D:11     | Killed a cyclops
 15859 | D:11     | Reached skill level 7 in Shields
 15859 | D:11     | Reached XP level 12. HP: 89/93 MP: 0/0
 15897 | D:11     | Noticed a two-headed ogre
 15911 | D:11     | Reached skill level 8 in Shields
 15916 | D:11     | Killed a two-headed ogre
 16199 | D:11     | Found a staircase to the Lair.
 16472 | D:11     | Noticed a two-headed ogre
 16477 | D:11     | Killed a two-headed ogre
 16478 | D:11     | Reached skill level 9 in Shields
 16943 | D:11     | Noticed a boulder beetle
 17121 | Lair:1   | Entered Level 1 of the Lair of Beasts
 17232 | Lair:1   | Noticed Amaemon
 17571 | Lair:1   | Killed Amaemon
 17593 | Lair:1   | Reached skill level 10 in Shields
 17915 | Lair:1   | Noticed a death yak
 17915 | Lair:1   | Noticed a death yak
 18905 | Lair:1   | Reached skill level 11 in Shields
 19309 | Lair:1   | Reached skill level 12 in Shields
 19309 | Lair:1   | Reached XP level 13. HP: 83/98 MP: 0/0
 19309 | Lair:1   | Learned a level 5 spell: Agony
 20167 | Lair:1   | Reached skill level 13 in Shields
 21415 | Lair:2   | Reached skill level 14 in Shields
 21728 | Lair:2   | Noticed a seven-headed hydra
 21734 | Lair:2   | Killed a seven-headed hydra
 21829 | Lair:2   | Reached skill level 1 in Maces & Flails
 21832 | Lair:2   | Reached **** piety under Yredelemnul
 21841 | Lair:2   | Reached ***** piety under Yredelemnul
 21859 | Lair:2   | Reached ****** piety under Yredelemnul
 21902 | Lair:2   | Reached skill level 1 in Invocations
 22833 | Lair:3   | Reached XP level 14. HP: 95/103 MP: 0/0
 22931 | Lair:3   | Found a hole to the Spider Nest.
 23027 | Lair:3   | Reached skill level 5 in Invocations
 23053 | Lair:3   | Found a staircase to the Shoals.
 23461 | Lair:3   | Noticed Fannar
 23465 | Lair:3   | Killed Fannar
 23583 | Lair:3   | Identified the +1 cloak of Shielding {Int+3 Dex+5 Stlth-}
 23969 | Lair:4   | Identified a scroll of acquirement
 23970 | Lair:4   | Acquired the +2 kite shield "Liabab Rinn" {Str+4 Stlth+}
 24311 | Lair:4   | Reached skill level 10 in Invocations
 24998 | Lair:5   | Entered Level 5 of the Lair of Beasts
 25018 | Lair:5   | Reached XP level 15. HP: 75/111 MP: 0/0
 25018 | Lair:5   | Learned a level 6 spell: Death Channel
 25300 | Lair:5   | Identified the ring "Qiruh" {Fire rN+}
 26079 | Lair:5   | Found a viscous altar of Jiyva.
 26079 | Lair:5   | Found a staircase to the Slime Pits.
 26646 | D:12     | Noticed Urug
 26655 | D:12     | Killed Urug
 26981 | D:12     | Found a staircase to the Orcish Mines.
 27047 | D:12     | Found a bloodstained altar of Trog.
 27049 | D:12     | Noticed tarna41's ghost (journeyman DsCK)
 27054 | D:12     | Found a transporter.
 27075 | D:12     | Found a transporter.
 27618 | D:12     | Found a portal to a secret trove of treasure.
 27646 | D:12     | Noticed a sphinx
 27672 | D:12     | Reached XP level 16. HP: 45/120 MP: 0/0
 27672 | D:12     | Paralysed by a sphinx for 4 turns
 27675 | D:12     | HP: 2/120 [sphinx (11)]
 27675 | D:12     | Mangled by a sphinx

Illustrated notes

Levels and vault maps discovered:
D:1:      minmay_arrival_pointy, layout_loops_ring
D:2:      layout_loops_cross, basic_altar, uniq_jessica, uniq_robin
D:3:      layout_rooms, minmay_misc_feat_iff, uniq_sigmund,
          uniq_crazy_yiuf_cottage
D:4:      kennysheep_big_flooded_room, layout_gridville, amcnicky_altar_gilded
D:5:      layout_loops_ring, supply_closet_lemuel
D:6:      layout_basic, mainiacjoe_overflow_brackets,
          minmay_temple_entry_proselytizer, minivault_19, minmay_bent
D:7:      layout_basic, enter_bailey_3
D:8:      layout_layer_cave
D:9:      layout_loops_ring, nicolae_gozag_zags_fifth_avenue,
          trog_butcher_becter, serial_park_tiny_pond, uniq_erica
D:10:     layout_grid_maze, serial_glass, glass_columns_c, glass_columns_a,
          feat_on_display, minmay_strange_pillars,
          hangedman_abyss_or_decor_lesser_grid
D:11:     layout_stronghold, due_lair_maze_entry_diamond
D:12:     layout_loops_corners, minmay_orc_entry_temple_small,
          gammafunk_ghost_wrathful_warriors, special_room [special_room_orc],
          enter_trove_0, minivault_26, drop_trap, kennysheep_four_rooms,
          uniq_urug
Temple:   mainiacjoe_temple_coin_purse
Lair:1:   layout_cave_pods, cheibrodos_lair_caveside_slide,
          chequers_serial_rivers_small_b, worms_lemuel, uniq_amaemon
Lair:2:   layout_layer_cave, grunt_forest_large_clearings, grunt_megastairs_1
Lair:3:   layout_regular_city, shoals_dummy_entry,
          hellmonk_spider_entry_life_and_decay, minivault_25,
          kennysheep_rathole, serial_bayou_shore_b, uniq_fannar
Lair:4:   layout_cave_pods, grunt_megastairs_2, lemuel_fruit_fields
Lair:5:   minmay_lair_end_frog_pond, layout_loops_ring,
          dpeg_slime_entry_enclosed, portal_ice_cave_demonic_guard,
          nicolae_lair_grazing_beasts [nicolae_sub_lair_graze_edge,
          nicolae_sub_lair_graze_edge, nicolae_sub_lair_graze_edge,
          nicolae_sub_lair_graze_edge]

Skill      XL: |  1  2  3  4  5  6  7  8  9 10 11 12 13 14 15 |
---------------+----------------------------------------------+-----
Spellcasting   | 3 4 5 6 7 8 9 10 12 | 12.5
Fighting       | 3 5 7 10 11 12 | 12.9
Shields        | 7 12 14 | 14.8
Maces & Flails | 3 |  3.2
Invocations    | 3 10 | 10.1
Dodging        | |  2.1
Stealth        | |  1.5

Action                     |  1- 3 |  4- 6 |  7- 9 | 10-12 | 13-15 | 16-18 || total
---------------------------+-------+-------+-------+-------+-------+-------++-------
  Melee: Unarmed           |     5 |       |       |       |       |       ||     5
         Dagger            |     2 |       |       |       |       |       ||     2
         Spear             |       |     1 |       |       |       |       ||     1
         Staff             |       |       |    14 |    12 |     5 |       ||    31
         Demon whip        |       |       |       |       |     2 |       ||     2
  Throw: Dart              |       |       |    31 |     3 |       |       ||    34
   Cast: Shock             |    70 |    78 |   161 |   132 |     9 |       ||   450
         Static Discharge  |     1 |    13 |    31 |    36 |     7 |       ||    88
         Airstrike         |       |     2 |     6 |    22 |   442 |       ||   472
         Foxfire           |       |       |    10 |     9 |       |       ||    19
         Summon Lightning  |       |       |    14 |    52 |    23 |       ||    89
         Passwall          |       |       |     1 |     7 |     1 |       ||     9
         Momentum Strike   |       |       |       |     2 |       |       ||     2
         Fulminant Prism   |       |       |       |    15 |     2 |       ||    17
         Swiftness         |       |       |       |     2 |       |       ||     2
 Invoke: Recall Undead Har |       |       |     1 |       |     6 |       ||     7
         Bind Soul         |       |       |       |       |     2 |       ||     2
         Dark Bargain      |       |       |       |       |     2 |       ||     2
  Evoke: Wand              |       |       |     1 |     1 |     1 |       ||     3
    Use: Potion            |     1 |     1 |     3 |     1 |     8 |     1 ||    15
         Scroll            |       |     4 |    12 |     9 |    11 |       ||    36
 Armour: Robe              |     6 |     1 |    35 |    88 |    28 |     8 ||   166
  Dodge: Dodged            |    22 |    19 |    89 |   126 |    57 |     2 ||   315
  Block: Kite shield       |       |       |       |       |    56 |     3 ||    59

Table legend: (Time is in decaauts)
 A = Elapsed time spent in this place.
 B = Non-inter-level travel time spent in this place.
 C = Inter-level travel time spent in this place.
 D = Time resting spent in this place.
 E = Time spent auto-exploring this place.
 F = Levels seen in this place.
 G = Mean time per level.
                   A        B        C        D        E       F      G
               +--------+--------+--------+--------+--------+-----+--------+
         Total |  27652 |  26896 |    756 |  11517 |  10532 |  19 | 1455.4 |
       Dungeon |  16227 |  15702 |    525 |   7094 |   6042 |  12 | 1352.2 |
        Temple |     79 |     65 |     14 |      0 |     27 |   1 |   79.0 |
          Lair |   9371 |   9155 |    216 |   2892 |   4309 |   5 | 1874.2 |
        Bailey |   1973 |   1973 |      0 |   1531 |    154 |   1 | 1973.0 |
               +--------+--------+--------+--------+--------+-----+--------+

Top non-repeatable levels by time:
  Lair:1: 3944 daAuts
     D:2: 2190 daAuts
  Bailey: 1973 daAuts
    D:11: 1759 daAuts
  Lair:2: 1751 daAuts
     D:5: 1743 daAuts
     D:9: 1673 daAuts
    D:10: 1573 daAuts
     D:8: 1455 daAuts
     D:7: 1395 daAuts
  Lair:5: 1379 daAuts
     D:3: 1315 daAuts
  Lair:4: 1166 daAuts
  Lair:3: 1129 daAuts
     D:6: 844 daAuts
